 Dungeon Crawl Stone Soup version 0.31-a0-354-g827e0957a7 (webtiles) character file.

Game seed: 7605893641940708551

35023 Gelion the Mimic (level 13, -22/159 HPs)
             Began as a Troll Shapeshifter on July 23, 2023.
             Was a High Priest of Trog.
             Annihilated by a death yak simulacrum (36 damage)
             ... in an ice cave.
             The game lasted 00:26:08 (12475 turns).

Gelion the Mimic (Troll Shapeshifter)              Turns: 12475, Time: 00:26:09

Health: -22/159    AC: 10    Str: 31    XL:     13   Next: 45%
Magic:  12/12      EV: 10    Int:  4    God:    Trog [*****.]
Gold:   1000       SH:  5    Dex: 14    Spells: 12/12 levels left

rFire   . .          .
                       - Unarmed
rCold   . . .        (shield currently unavailable)
rNeg    . . .        f - melded +2 robe {rF+}
rPois   +            (helmet currently unavailable)
rElec   .            (cloak currently unavailable)
rCorr   .            (gloves unavailable)
SInv    .            (boots unavailable)
Will    .....        a - amulet of reflection
Stlth   +            e - ring of poison resistance
HPRegen 1.26/turn    N - +4 ring of slaying
MPRegen 0.13/turn

%: reflection
@: snake-form
A: constrict, boosted hp, large, unfitting armour, (claws 3), regeneration 1,
(shaggy fur 1), (tough skin 1)
a: Begin Untransformation, Renounce Religion, Berserk, Trog's Hand, Brothers in
Arms


You were in an ice cave.
You worshipped Trog.
Trog was extremely pleased with you.
You were an enormous anaconda.
You visited 3 branches of the dungeon, and saw 15 of its levels.
You also visited: Sewer, Ossuary, Gauntlet and Ice Cave.

You collected 1052 gold pieces.
You spent 52 gold pieces at shops.

Inventory:

Missiles
 b - a throwing net
 A - 4 silver javelins
 C - 11 javelins
Armour
 f - a +2 robe of fire resistance (melded)
Jewellery
 a - an amulet of reflection (around neck)
 c - the ring of Ydair {Str+6 SInv}
   (You found it in a Gauntlet)

   [ring of see invisible]

   Str:       It affects your strength (+6).
   SInv:      It lets you see invisible.
 e - a ring of poison resistance (left hand)
 B - a ring of flight
 J - a ring of protection from cold
 L - a ring of willpower
 N - a +4 ring of slaying (right hand)
Talismans
 m - a serpent talisman
 M - a blade talisman
Wands
 v - a wand of roots (28)
 y - a wand of acid (5)
 D - a wand of digging (12)
 F - a wand of paralysis (2)
 G - a wand of polymorph (5)
 I - a wand of mindburst (8)
Scrolls
 d - 5 scrolls of teleportation
 h - 4 scrolls of enchant armour
 p - 2 scrolls of brand weapon
 t - a scroll of blinking
 x - 2 scrolls of enchant weapon
 z - 2 scrolls of fear
 H - a scroll of identify
 K - 3 scrolls of poison
Potions
 g - 2 potions of magic
 i - 10 potions of curing
 j - 5 potions of enlightenment
 k - 5 potions of heal wounds
 l - 4 potions of brilliance
 n - 2 potions of invisibility
 o - 3 potions of attraction
 r - 2 potions of resistance
 s - 2 potions of berserk rage
 u - 3 potions of might
 w - 5 potions of haste
 E - a potion of mutation


   Skills:
 + Level 10.0 Fighting
 - Level 1.5 Dodging
 + Level 12.2 Unarmed Combat
 * Level 14.2 Shapeshifting


You had 12 spell levels left.
You didn't know any spells.
Your spell library contained the following spells:

 Spells                   Type           Power      Damage    Failure   Level
 Summon Small Mammal      Summ           0%         N/A       50%         1
 Sublimation of Blood     Necr           0%         N/A       65%         2
 Wereblood                Tmut           0%         N/A       65%         2
 Call Canine Familiar     Summ           0%         N/A       86%         3
 Summon Guardian Golem    Hex/Summ       0%         N/A       86%         3
 Summon Hydra             Summ           0%         N/A       100%        7


Dungeon Overview and Level Annotations

Branches:
Dungeon (11/15)            Temple (1/1) D:5            Lair (3/5) D:10
  Swamp (0/4) Lair:2       Spider (0/4) Lair:2          Orc (0/2) D:10
  Sewer (visited)         Ossuary (visited)           IceCv (1/1)
Gauntlet (visited)

Altars:
Ashenzari
Cheibriados
Dithmenos
Elyvilon
Fedhas
Gozag
Hepliaklqana
Kikubaaqudgha
Makhleb
Nemelex Xobeh
Okawaru
Qazlal
Ru
Sif Muna
Trog
Uskayaw
Vehumet
Wu Jian
Xom
Yredelemnul
Zin
The Shining One

Shops:
D:8 ?=*[[*[   D:9 ?   D:10 [

Annotations:
D:9 2 transporters, exclusion: oklob plant, gebbletook2's ghost, journeyman OpSh


Innate Abilities, Weirdness & Mutations

You are an enormous anaconda.
You have a powerful constriction melee attack.
Your maximum health is increased.
Your armour is entirely melded.
You are incapable of wielding weapons or throwing items.
You are too large for most types of armour.
((You have claws for hands.))
Your natural rate of healing is unusually fast.
((You are covered in fur. (AC +1)))
((You have tough skin. (AC +1)))


Message History

The death yak simulacrum is moderately damaged.
You constrict the death yak simulacrum. The death yak simulacrum gores you!
The death yak simulacrum freezes you!!
You feel yourself slow down. The elephant simulacrum tramples you.
You hold your ground!
The elephant simulacrum trunk-slaps you but does no damage.
You lash the death yak simulacrum!
The death yak simulacrum is heavily damaged.
You constrict the death yak simulacrum!
The death yak simulacrum gores you but does no damage.
You body-slam the death yak simulacrum!!
The death yak simulacrum vaporises!
Trog accepts your kill.
You feel yourself speed up.
The elephant simulacrum closely misses you.
You block the elephant simulacrum's attack.
The death yak simulacrum gores you! The death yak simulacrum freezes you!
* * * LOW HITPOINT WARNING * * *
You body-slam the death yak simulacrum!!
You grab the death yak simulacrum.
The death yak simulacrum is severely damaged.
You constrict the death yak simulacrum, but do no damage.
The elephant simulacrum tramples you!
* * * LOW HITPOINT WARNING * * *
You hold your ground!
The elephant simulacrum trunk-slaps you.
* * * LOW HITPOINT WARNING * * *
The elephant simulacrum freezes you!!
* * * LOW HITPOINT WARNING * * *
You body-slam the elephant simulacrum!!
The elephant simulacrum is almost destroyed.
You constrict the death yak simulacrum.
You block the death yak simulacrum's attack.
The elephant simulacrum barely misses you. x2
You body-slam the elephant simulacrum!!
The elephant simulacrum vaporises!
Trog accepts your kill.
You constrict the death yak simulacrum. The death yak simulacrum gores you.
* * * LOW HITPOINT WARNING * * *
The death yak simulacrum freezes you!!!
You die...

... ##.##
##...##
##.....##
#...∩...#
#.......#
#.......#
#..Z☼°..#
#...S...#
#########


You could see a death yak simulacrum.

Vanquished Creatures
  Nessos (Lair:3)
  A minotaur (Gauntlet)
  A hydra (Lair:3)
  Erica (D:11)
  A catoblepas (Gauntlet)
  2 two-headed ogres (D:11)
  3 boulder beetles
  Urug (Lair:1)
  Nergalle (D:11)
  18 elephants
  A black mamba (Lair:3)
  Joseph (Lair:1)
  3 gargoyles
  3 cane toads
  A rime drake (Lair:2)
  2 ice devils (Lair:3)
  A kobold demonologist (D:9)
  3 komodo dragons
  2 trolls (D:11)
  3 meliai (D:11)
  A hornet (D:9)
  10 flying skulls (Gauntlet)
  A shadow (D:10)
  A basilisk (Lair:3)
  A wraith (D:11)
  A wyvern (Lair:1)
  Grum (D:8)
  40 yaks
  A death yak simulacrum (IceCv)
  5 vampire mosquitoes (Lair:2)
  An acid dragon (D:9)
  9 water moccasins
  4 orc warriors
  3 black bears
  4 sky beasts
  Pargi (Sewer)
  An ice beast (D:7)
  2 ogres
  7 wolves
  4 centaurs
  2 phantoms
  2 kobold brigands
  12 bullfrogs
  2 scorpions (D:10)
  A gnoll sergeant (D:7)
  5 small abominations (Gauntlet)
  12 wights
  2 water moccasin zombies (Ossuary)
  An elephant simulacrum (IceCv)
  13 killer bees
  7 electric eels
  A howler monkey (D:4)
  3 orc priests
  3 hounds
  A gnoll bouda (D:8)
  3 sleepcaps
  3 iguanas
  3 scorpion zombies (D:4)
  8 orc wizards
  A hound zombie (D:4)
  2 mummies (Ossuary)
  9 gnolls
  10 adders
  3 river rats (D:4)
  4 white imps
  An ufetubus (D:5)
  6 adder zombies (Ossuary)
  A worm (D:2)
  A dart slug (D:4)
  26 orcs
  15 ball pythons
  5 endoplasms
  5 giant cockroaches
  3 gnoll zombies (Ossuary)
  6 hobgoblins
  5 jackals
  15 kobolds
  3 quokkas
  3 frilled lizards
  7 goblins
  6 hobgoblin zombies (Ossuary)
  9 kobold zombies (Ossuary)
  4 orc zombies (Ossuary)
  2 quokka zombies (D:5)
  3 rats
387 creatures vanquished.

Notes
Turn   | Place    | Note
-------+----------+-------------------------------------------
     0 | D:1      | Gelion the Troll Shapeshifter began the quest for the Orb.
     0 | D:1      | Reached XP level 1. HP: 18/18 MP: 0/0
   121 | D:1      | Reached skill level 1 in Fighting
   213 | D:1      | Reached XP level 2. HP: 27/27 MP: 1/1
   677 | D:2      | Reached XP level 3. HP: 33/33 MP: 2/2
  1285 | D:3      | Reached XP level 4. HP: 28/42 MP: 3/3
  1290 | D:3      | Reached skill level 4 in Shapeshifting
  1519 | D:3      | Reached XP level 5. HP: 49/49 MP: 4/4
  2099 | D:3      | Found a sparkling altar of Nemelex Xobeh.
  2223 | D:4      | Found a glowing drain.
  2224 | D:4      | Found a shimmering altar of Xom.
  2238 | D:4      | Reached XP level 6. HP: 52/59 MP: 5/5
  2245 | Sewer    | Entered a sewer
  2301 | Sewer    | Noticed Pargi
  2314 | Sewer    | Killed Pargi
  2428 | D:4      | Reached skill level 5 in Shapeshifting
  2459 | D:4      | Found a basalt altar of Yredelemnul.
  2478 | D:4      | Reached XP level 7. HP: 67/67 MP: 6/6
  2538 | D:4      | Found a broken altar of Ashenzari.
  2664 | D:4      | Found a blossoming altar of Fedhas.
  3040 | D:5      | Entered Level 5 of the Dungeon
  3072 | D:5      | Reached skill level 5 in Unarmed Combat
  3123 | D:5      | Found a sand-covered staircase.
  3138 | Ossuary  | Entered an ossuary
  3222 | Ossuary  | Reached skill level 6 in Shapeshifting
  3578 | D:5      | Reached XP level 8. HP: 74/78 MP: 7/7
  3630 | D:5      | Found a staircase to the Ecumenical Temple.
  3636 | Temple   | Entered the Ecumenical Temple
  3649 | Temple   | Became a worshipper of Trog the Wrathful
  4121 | D:6      | Reached * piety under Trog
  4198 | D:6      | Found an iron altar of Okawaru.
  4198 | D:6      | Found a shadowy altar of Dithmenos.
  4439 | D:6      | Reached skill level 7 in Shapeshifting
  5017 | D:7      | Reached XP level 9. HP: 66/83 MP: 8/8
  5137 | D:7      | Reached skill level 5 in Fighting
  5274 | D:7      | Reached skill level 8 in Shapeshifting
  5542 | D:8      | Found Leunicol's Antique Armour Shoppe.
  5687 | D:8      | Noticed Grum
  5868 | D:8      | Reached ** piety under Trog
  5879 | D:8      | Killed Grum
  5939 | D:8      | Found a glowing silver altar of Zin.
  5939 | D:8      | Found a white marble altar of Elyvilon.
  5939 | D:8      | Found a glowing golden altar of the Shining One.
  6047 | D:8      | Reached skill level 9 in Shapeshifting
  6127 | D:8      | Reached XP level 10. HP: 98/98 MP: 9/9
  6128 | D:8      | Found a shimmering blue altar of Sif Muna.
  6356 | D:8      | Found Yfrena's Antique Armour Shoppe.
  6358 | D:8      | Found Tionuap's Armour Emporium.
  6360 | D:8      | Found Amocsorch's Magic Scroll Emporium.
  6360 | D:8      | Found Jienaaq's Jewellery Shoppe.
  6396 | D:8      | Found Emixul's Assorted Antiques.
  6396 | D:8      | Found Bicel's Assorted Antiques.
  6404 | D:8      | Bought a murky ruby potion for 21 gold pieces
  6411 | D:8      | Bought a golden potion for 31 gold pieces
  6620 | D:8      | Found a hazy altar of Hepliaklqana.
  6657 | D:8      | Identified the staff "Joyfesierch" {rC+ Earth}
  6772 | D:9      | Found an ancient bone altar of Kikubaaqudgha.
  6975 | D:9      | Noticed gebbletook2's ghost (journeyman OpSh)
  6981 | D:9      | Noticed a white ugly thing
  6991 | D:9      | Noticed an oklob plant
  7016 | D:9      | Found a transporter.
  7018 | D:9      | Found a transporter.
  7104 | D:9      | Found Quhog's Magic Scroll Shop.
  7410 | D:9      | Reached *** piety under Trog
  7694 | D:10     | Entered Level 10 of the Dungeon
  7737 | D:10     | Noticed a gargoyle
  7744 | D:10     | Killed a gargoyle
  7745 | D:10     | Reached skill level 10 in Shapeshifting
  7835 | D:10     | Found a staircase to the Lair.
  7939 | D:10     | Found Punepha's Antique Armour Shoppe.
  7991 | D:10     | Reached XP level 11. HP: 74/109 MP: 10/10
  8244 | D:10     | Reached skill level 11 in Shapeshifting
  8346 | D:10     | Found a staircase to the Orcish Mines.
  8717 | D:11     | Noticed Erica
  8721 | D:11     | Killed Erica
  8721 | D:11     | Reached **** piety under Trog
  8751 | D:11     | Reached skill level 10 in Unarmed Combat
  8767 | D:11     | Noticed a two-headed ogre
  8771 | D:11     | Killed a two-headed ogre
  8773 | D:11     | Found a gate leading to a gauntlet.
  8777 | Gauntlet | Entered a Gauntlet
  8777 | Gauntlet | Found a transporter.
  8777 | Gauntlet | Found a transporter.
  8788 | Gauntlet | Found a transporter.
  8803 | Gauntlet | Found a transporter.
  8819 | Gauntlet | Found a transporter.
  8831 | Gauntlet | Found a transporter.
  8847 | Gauntlet | Found a transporter.
  8885 | Gauntlet | Noticed a catoblepas
  8905 | Gauntlet | Noticed a soul eater
  8919 | Gauntlet | Found a transporter.
  8928 | Gauntlet | Found a transporter.
  8930 | Gauntlet | Noticed a fire crab
  8942 | Gauntlet | Found a transporter.
  8955 | Gauntlet | Found a transporter.
  8971 | Gauntlet | Found a transporter.
  9038 | Gauntlet | Found a transporter.
  9048 | Gauntlet | Found a transporter.
  9058 | Gauntlet | Noticed an orange crystal statue
  9082 | Gauntlet | Found a transporter.
  9092 | Gauntlet | Found a transporter.
  9259 | Gauntlet | Killed a catoblepas
  9260 | Gauntlet | Reached skill level 12 in Shapeshifting
  9316 | Gauntlet | Reached XP level 12. HP: 122/122 MP: 11/11
  9347 | Gauntlet | Identified the ring of Ydair {Str+6 SInv}
  9367 | Gauntlet | Noticed a minotaur
  9376 | Gauntlet | Killed a minotaur
  9469 | Gauntlet | Identified the +3 robe of the Elephant {rC+ MP+9}
  9536 | D:11     | Noticed a boulder beetle
  9549 | D:11     | Killed a boulder beetle
  9657 | D:11     | Noticed Nergalle
  9664 | D:11     | Killed Nergalle
  9884 | D:11     | Noticed a two-headed ogre
  9890 | D:11     | Killed a two-headed ogre
  9960 | Lair:1   | Entered Level 1 of the Lair of Beasts
 10127 | Lair:1   | Noticed Urug
 10144 | Lair:1   | Killed Urug
 10167 | Lair:1   | Reached skill level 13 in Shapeshifting
 10523 | Lair:1   | Reached ***** piety under Trog
 10662 | Lair:1   | Noticed Joseph
 10673 | Lair:1   | Killed Joseph
 10808 | Lair:1   | Noticed a boulder beetle
 10816 | Lair:1   | Killed a boulder beetle
 10817 | Lair:1   | Reached XP level 13. HP: 128/131 MP: 12/12
 11587 | Lair:2   | Found a hole to the Spider Nest.
 11699 | Lair:2   | Found a staircase to the Swamp.
 11956 | Lair:3   | Reached skill level 14 in Shapeshifting
 12210 | Lair:3   | Noticed Nessos
 12430 | Lair:3   | Killed Nessos
 12431 | Lair:3   | Reached skill level 10 in Fighting
 12439 | Lair:3   | Found a frozen archway.
 12456 | IceCv    | Entered an ice cave
 12475 | IceCv    | Annihilated by a death yak simulacrum

Illustrated notes

Levels and vault maps discovered:
D:1:      dpeg_arrival_erosion, layout_basic
D:2:      layout_loops_ring, nrook_mini_backslash, feat_on_display
D:3:      layout_basic, mainiacjoe_overflow_six_doors_small,
          grunt_ministairs_15, minmay_snake_closets
D:4:      layout_loops_ring, mainiacjoe_overflow_paths,
          nicolae_ashenzari_panopticon, nicolae_yredelemnul_corpse_copse,
          mainiacjoe_overflow_boulevard, portal_sewer_entry_b
D:5:      layout_basic, minmay_temple_entry_hall, enter_ossuary_4,
          chequers_serial_rivers_small_a, chequers_serial_rivers_small_a,
          minmay_misc_feat_five
D:6:      layout_rooms, gammafunk_temple_overflow_pools, serial_bayou_pond_b
D:7:      layout_loops_corners, minmay_liquid_box
D:8:      layout_cave_pools, good_gods_mini_temple, nzn_hepliaklqana_mist_gate,
          tgw_sif, serial_shops, nicolae_shop_statue_plus,
          nicolae_shop_national_dungeon_mall, water_boxes_lemuel, uniq_grum
D:9:      layout_basic, amcnicky_altar_gilded, nzn_ghost_randoct, serial_shops,
          shop, serial_rivers, chequers_serial_rivers_small_3,
          chequers_serial_rivers_large_a, chequers_serial_rivers_small_3,
          chequers_serial_rivers_small_a, chequers_serial_rivers_room_a,
          chequers_serial_rivers_large_b
D:10:     layout_irregular_city, due_lair_maze_entry_diamond, orc_0_dummy,
          serial_shops, shop
D:11:     layout_basic, gauntlet_entry_generic, uniq_nergalle, uniq_erica
Temple:   dpeg_three_leaves_temple
Lair:1:   layout_long_grid, nicolae_lair_grazing_beasts
          [nicolae_sub_lair_graze_edge, nicolae_sub_lair_graze_edge,
          nicolae_sub_lair_graze_edge, nicolae_sub_lair_graze_edge],
          lemuel_fruit_tree, uniq_urug, uniq_joseph
Lair:2:   layout_cave_pods, minmay_swamp_entry_swarm, dummy_spider_entry
Lair:3:   statuecave_lemuel, layout_regular_city, portal_ice_cave_demonic_guard,
          infiniplex_staircase_pool_2, uniq_nessos
IceCv:    ice_cave_statue_garden_chambered

Skill      XL: |  1  2  3  4  5  6  7  8  9 10 11 12 13 |
---------------+----------------------------------------+-----
Fighting       | 1 2 3 4 6 7 8 9 10 | 10.0
Shapeshifting  | 4 5 6 7 9 10 12 13 14 | 14.2
Unarmed Combat | 4 5 6 7 9 10 11 12 | 12.2
Dodging        | |  1.5

Action                     |  1- 3 |  4- 6 |  7- 9 | 10-12 | 13-15 || total
---------------------------+-------+-------+-------+-------+-------++-------
  Melee: Unarmed           |    76 |   105 |   339 |   451 |   125 ||  1096
         Punch             |     2 |     2 |     5 |       |       ||     9
         Constrict         |       |       |    14 |    86 |    28 ||   128
 Invoke: Berserk           |       |       |       |     1 |       ||     1
         Trog's Hand       |       |       |       |     1 |       ||     1
    Use: Scroll            |     6 |     4 |     7 |    11 |     1 ||    29
         Potion            |       |     1 |       |       |     2 ||     3
   Stab: Sleeping          |     1 |     2 |     2 |       |       ||     5
         Distracted        |       |       |     1 |       |       ||     1
 Armour: Animal skin       |     7 |       |       |       |       ||     7
         Robe              |    20 |    25 |    76 |       |       ||   121
         Skin              |       |     6 |    67 |   109 |    40 ||   222
  Dodge: Dodged            |    33 |    30 |   234 |   169 |    63 ||   529
  Block: Other             |       |       |    41 |    57 |    28 ||   126
         Reflection        |       |       |       |       |     2 ||     2
   Form: Anaconda          |       |       |     1 |       |       ||     1

Table legend: (Time is in decaauts)
 A = Elapsed time spent in this place.
 B = Non-inter-level travel time spent in this place.
 C = Inter-level travel time spent in this place.
 D = Time resting spent in this place.
 E = Time spent auto-exploring this place.
 F = Levels seen in this place.
 G = Mean time per level.
                   A        B        C        D        E       F      G
               +--------+--------+--------+--------+--------+-----+--------+
         Total |  12334 |  11490 |    844 |    618 |   8483 |  19 |  649.2 |
       Dungeon |   8709 |   8104 |    605 |    358 |   6202 |  11 |  791.7 |
        Temple |     26 |      2 |     24 |      0 |      0 |   1 |   26.0 |
          Lair |   2443 |   2228 |    215 |    160 |   1635 |   3 |  814.3 |
         Sewer |    138 |    138 |      0 |      0 |     94 |   1 |  138.0 |
       Ossuary |    271 |    271 |      0 |    100 |     72 |   1 |  271.0 |
      Ice Cave |     18 |     18 |      0 |      0 |      0 |   1 |   18.0 |
      Gauntlet |    726 |    726 |      0 |      0 |    480 |   1 |  726.0 |
               +--------+--------+--------+--------+--------+-----+--------+

Top non-repeatable levels by time:
     D:7: 1148 daAuts
  Lair:1: 1108 daAuts
     D:8: 1010 daAuts
  Lair:2: 998 daAuts
     D:9: 917 daAuts
     D:3: 904 daAuts
    D:10: 889 daAuts
Gauntlet: 726 daAuts
     D:4: 707 daAuts
     D:2: 683 daAuts
     D:5: 628 daAuts
    D:11: 620 daAuts
     D:6: 609 daAuts
     D:1: 590 daAuts
  Lair:3: 336 daAuts
